cohdb
Replays
Latest Replays
All Replays
Popular Replays
Top Player Replays
Match Explorer
How It Works
Community
CoH3 Stats
Reddit
Sign in to upload your games and track your stats! →
Sign in with Steam
Match 45167329
Unlisted
Match 45167329
Overview
Messages
Build Orders
End
Construct Barracks
Riflemen Squad
Selects Airborne Battlegroup
Selects Airborne Battlegroup
Selects Pathfinders
Riflemen Squad
M1 Mortar Team
Riflemen Squad
Construct Weapon Support Center
Infantry Support Center
Selects Recon Loiter
M3 Armored Personnel Carrier
Advanced Logistics
Recon Loiter
Grenade Package
Engineer Squad
M1918 Browning Automatic Rifles
Selects Supply Drop
Recon Loiter
Construct Medical Station
Construct Tank Depot
Selects Carpet Bombing Run
Supply Drop
M4(105) Sherman Bulldozer
Engineer Squad
Carpet Bombing Run
Kanade
alicece2
montique_mark
Taka_nL
波菜
kenleung
Holo
铱星
0
0
Comments
sign in to comment!
No comments posted yet!